cid, lawful male dwarven Archeologist -------- |...<..| .......| |......| -----|-- ##### # #@# ## d -.-----|-- |........| |.......d| .........| |........| ---------- cid the Digger Experience level: 2 Strength: 14 Dexterity: 10 Constitution: 11 Intelligence: 15 Wisdom: 16 Charisma: 10 Health: 0(20) Energy: 1(1) Def: 1 Gold: 207 Moves: 1777 Dungeon seed: 6JO8E8f2BAIRjdnZ Game ID: cid_1477051241 Your Inventory: Coins $ - 207 gold pieces Weapons a - a +2 bullwhip Armor e - an uncursed +0 leather jacket (being worn) n - a blessed +0 fedora (being worn) r - an uncursed +0 leather cloak y - an uncursed +0 studded leather armor z - an uncursed +0 elven mithril-coat Comestibles b - 2 uncursed food rations Scrolls v - an uncursed scroll of remove curse Spellbooks m - an uncursed spellbook of haste self Potions o - an uncursed potion of booze p - an uncursed potion of gain energy t - an uncursed potion of acid Wands i - a wand of slow monster (0:8) Tools c - a +0 pick-axe (weapon in hand) d - a tinning kit (0:35) f - an uncursed sack g - an uncursed oil lamp (lit) (0:963) u - an uncursed skeleton key Gems q - an uncursed touchstone x - an uncursed worthless piece of yellowish brown glass N - an uncursed worthless piece of white glass Y - an uncursed worthless piece of yellow glass Contents of the sack: an uncursed tin of jackal meat Spells and supernatural/magical abilities: Name Level Category Fail Memory H - haste self 3 escape 100% 95% W - pray for help -- divine ? -- Your skills at the end: Fighting Skills Weapon Skills pick-axe [Basic] whip [Basic] Spellcasting Skills Final Attributes: You were piously aligned. You had infravision. You were stealthy. You were fast. You are dead. Vanquished creatures: a kobold lord a hobbit a manes 2 giant rats 2 red molds a gnome 3 jackals 2 foxes a kobold 2 goblins a sewer rat 4 grid bugs 3 lichens a kobold zombie 7 newts 32 creatures vanquished. Voluntary challenges: You were an atheist. You used a wielded weapon 12 times, starting on turn 82. You read items or engraved 9 times, starting on turn 713. You never genocided any monsters. You never polymorphed an object. You never changed form. You used no wishes. You never split a pudding. You never wrote Elbereth's name. You never violated your personal moral code. Dungeon overview: The Dungeons of Doom: levels 1 to 3 Level 1 a fountain a long staircase Level 2 a fountain, a sink Level 3 a fountain stairs to The Gnomish Mines The Gnomish Mines: levels 4 to 6 Level 4 stairs to The Dungeons of Doom Level 5 Level 6 <- You were here History has recorded: On T:1 you entered the Dungeons of Doom to retrieve the Amulet of Yendor! On T:541 you reached level 2 of The Dungeons of Doom. On T:966 you advanced to experience level 2. On T:1138 you reached level 3 of The Dungeons of Doom. On T:1201 you reached level 1 of The Gnomish Mines. On T:1619 you reached level 2 of The Gnomish Mines. On T:1739 you reached level 3 of The Gnomish Mines. Score breakdown: Gold: 207 ( 7885 points) Experience: 2 levels ( 5570 points) Exploration: 6 levels ( 12.77%) ( 9890 points) Discoveries: 4 items ( 1.37%) ( 3517 points) Valuables value: (no points given unless you survive) Artifact value: 0 ( 0 points) Variety of kills: 15 monsters ( 3.94%) ( 5952 points) Turncount: 1777 turns ( 0 points) Survival: died (score multiplied by 80%) Total score: 26251 Latest messages: The water nymph pretends to be friendly to ÓãA. (4x) ÓãA misses the water nymph. You hear some noises. ÓãA bites the water nymph. The water nymph pretends to be friendly to ÓãA. (2x) You displace ÓãA. (2x) Pick an object. Never mind. ÓãA misses the water nymph. The little dog bites! You hear someone cursing shoplifters. The little dog bites! ÓãA bites the water nymph. The water nymph smiles at ÓãA engagingly. (2x) ÓãA misses the little dog. The little dog bites! ÓãA misses the little dog. The little dog bites! ÓãA misses the little dog. The little dog bites! (2x) You die... Final status: Goodbye cid the Archeologist, killed by a little dog... You died in The Gnomish Mines on dungeon level 6 with 26251 points, and 207 pieces of gold, after 1777 moves. You were level 2 with a maximum of 20 hit points when you died.